 Dungeon Crawl Stone Soup version 0.23.0 (webtiles) character file.

Game seed: 7882888856985547924

1913 Borgoz the Skirmisher (level 9, -2/78 HPs)
             Began as a Ghoul Monk on Feb 17, 2019.
             Was a Priest of Makhleb.
             Slain by an orc warrior
             ... wielding a +0 flail of protection
              (12 damage)
             ... on level 8 of the Dungeon.
             The game lasted 00:18:38 (6877 turns).

Borgoz the Skirmisher (Ghoul Monk)                  Turns: 6877, Time: 00:18:40

Health: -2/78      AC: 14    Str: 14 (15) XL:     9   Next: 16%
Magic:  0/8        EV: 11    Int:  3 (5)  God:    Makhleb [***...]
Gold:   118        SH:  0    Dex: 13 (14) Spells: 8/8 levels left

rFire    x . .     SeeInvis .   f - +1 dagger (freeze)
rCold    + + .     Gourm    .   (no shield)
rNeg     + + +     Faith    .   p - +1 scale mail {MR+}
rPois    ∞         Spirit   +   (no helmet)
rElec    .         Reflect  .   s - +1 cloak
rCorr    .         Harm     .   d - +0 pair of gloves
MR       +....                  e - +2 pair of boots {run}
Stlth    ++........             w - amulet of guardian spirit
HPRegen  0.00/turn              n - ring of ice
MPRegen  0.11/turn              (no ring)

@: rotting, quick
A: rotting body, claws 1, carnivore, cold resistance 1, negative energy
resistance 3, inhibited regeneration, torment resistance, unbreathing
a: Minor Destruction, Lesser Servant of Makhleb, Renounce Religion


You were on level 8 of the Dungeon.
You worshipped Makhleb.
Makhleb was most pleased with you.
You were not hungry.

You visited 2 branches of the dungeon, and saw 9 of its levels.
You also visited: Sewer.

You collected 243 gold pieces.
You spent 125 gold pieces at shops.

Inventory:

Hand Weapons
 a - a +4 quarterstaff of chaos
 b - a +0 blowgun
 f - a +1 dagger of freezing (weapon)
Missiles
 k - 68 poisoned needles
Armour
 d - a +0 pair of gloves (worn)
 e - a +2 pair of boots of running (worn)
 j - a +0 leather armour
 p - a +1 scale mail of magic resistance (worn)
 q - a +2 scale mail of fire resistance
 s - a +1 cloak (worn)
Jewellery
 n - a ring of ice (left hand)
 w - an amulet of guardian spirit (around neck)
Wands
 l - a wand of polymorph (12)
 r - a wand of iceblast (7)
 u - a wand of flame (12)
 v - a wand of scattershot (5)
Scrolls
 g - a scroll of magic mapping
 i - 6 scrolls of identify
 m - a scroll of remove curse
 o - a scroll of enchant armour
Potions
 h - 3 potions of flight
 x - a potion of mutation
Comestibles
 c - 17 rations
 t - a chunk of flesh


   Skills:
 + Level 6.5 Fighting
 + Level 6.3 Short Blades
 + Level 3.9 Armour
 + Level 5.3 Dodging
 + Level 6.1 Stealth


You had 8 spell levels left.
You didn't know any spells.
Your spell library contained the following spells:

 Spells                   Type           Power        Failure   Level  Hunger
 Sticks to Snakes         Tmut           #.......     98%         2    ###....
 Beastly Appendage        Tmut           Unusable     N/A         1    N/A
 Spider Form              Tmut/Pois      Unusable     N/A         3    N/A
 Ice Form                 Ice/Tmut       Unusable     N/A         4    N/A
 Blade Hands              Tmut           Unusable     N/A         5    N/A

Dungeon Overview and Level Annotations

Branches:
Dungeon (8/15)             Temple (1/1) D:6
   Lair: D:8-11

Altars:
Ashenzari
Cheibriados
Dithmenos
Elyvilon
Fedhas
Gozag
Hepliaklqana
Kikubaaqudgha
Makhleb
Nemelex Xobeh
Qazlal
Trog
Uskayaw
Vehumet
Wu Jian
Xom
Yredelemnul
Zin
The Shining One

Shops:
D:4 *   D:5 !


Innate Abilities, Weirdness & Mutations

Your body is rotting away.
You thrive on raw meat.
You are immune to poison.
You have sharp fingernails.
You are carnivorous and can eat meat at any time.
Your flesh is cold resistant. (rC+)
You are immune to negative energy. (rN+++)
You do not regenerate when monsters are visible.
You are immune to unholy pain and torment.
You can survive without breathing.


Message History

The warg moves out of view.
The iguana is no longer moving slowly.
Something hits you!
The orc priest invokes the aid of Beogh against you.
Beogh smites you!
* * * LOW HITPOINT WARNING * * *
The iguana bites you but does no damage.
The orc warrior closely misses you.
You hear a howl! x2
Unknown command.
You hit the iguana but do no damage.
The iguana is lightly wounded.
Something hits you.
* * * LOW HITPOINT WARNING * * *
You hit the iguana. You freeze the iguana.
The iguana is moderately wounded.
Something hits you but does no damage. The iguana bites you.
* * * LOW HITPOINT WARNING * * *
The orc hits you but does no damage.
The orc warrior hits you with a +0 flail of protection!
You die...

# #. #..
#..###### ..
#....{..## ....
#...@o..#...y.
#.##..ol.o5.....
....[..<..#.....
#..##...####
.... #. #...# ..
# #..## #.. #.#
#.


You could see an orc warrior, an iguana, an orc priest, a quasit and an orc.

Vanquished Creatures
  Edmund (D:4)
  2 ogres (D:5)
  A phantom (D:6)
  A centaur (D:5)
  A necrophage (D:7)
  A big kobold (Sewer)
  2 bullfrogs
  A scorpion (D:6)
  4 killer bees
  A wight (D:6)
  A howler monkey (D:5)
  3 crimson imps (D:7)
  A jelly (D:5)
  3 bullfrog zombies
  2 hounds
  3 orc priests (D:5)
  Crazy Yiuf (D:4)
  A centaur skeleton (D:3)
  An orc wizard (D:5)
  A bullfrog skeleton (D:7)
  2 iguanas
  Terence (D:2)
  Ijyb (D:4)
  2 worker ants
  2 worker ant zombies
  A howler monkey zombie (D:6)
  A howler monkey skeleton (D:6)
  6 adders
  4 river rats
  A shadow imp (D:6)
  An adder skeleton (D:6)
  A worm (D:5)
  3 leopard geckos
  10 orcs
  6 giant cockroaches
  3 goblins (D:2)
  11 hobgoblins
  4 jackals
  10 kobolds
  A quokka (D:7)
  A ball python (D:6)
  5 bats
  5 frilled lizards
  A leopard gecko skeleton (D:5)
  14 rats
129 creatures vanquished.

Notes
Turn   | Place    | Note
-------+----------+-------------------------------------------
     0 | D:1      | Borgoz the Ghoul Monk began the quest for the Orb.
     0 | D:1      | Reached XP level 1. HP: 19/19 MP: 0/0
   106 | D:1      | Identified a +2 pair of boots of running (You found it on
                  | level 1 of the Dungeon)
   207 | D:1      | Reached XP level 2. HP: 24/26 MP: 1/1
   744 | D:2      | Reached XP level 3. HP: 33/33 MP: 2/2
   876 | D:2      | Found a burning altar of Makhleb.
   930 | D:2      | Became a worshipper of Makhleb the Destroyer
   930 | D:2      | Reached * piety under Makhleb
   930 | D:2      | Reached ** piety under Makhleb
  1278 | D:2      | Noticed Terence
  1294 | D:2      | Killed Terence
  1294 | D:2      | Reached XP level 4. HP: 24/40 MP: 3/3
  1433 | D:2      | Found a glowing golden altar of the Shining One.
  1592 | D:3      | Found an ancient bone altar of Kikubaaqudgha.
  2074 | D:4      | Noticed Edmund
  2297 | D:4      | Reached XP level 5. HP: 46/46 MP: 4/4
  2502 | D:4      | Found a runed translucent door.
  2503 | D:4      | Noticed Crazy Yiuf
  2553 | D:5      | Entered Level 5 of the Dungeon
  2584 | D:5      | Noticed a centaur
  2601 | D:5      | HP: 2/46 [centaur (8)]
  2641 | D:5      | Killed a centaur
  2641 | D:5      | Reached XP level 6. HP: 19/53 MP: 5/5
  2812 | D:5      | Found a basalt altar of Yredelemnul.
  2830 | D:5      | Found Ysaannib's Distillery.
  2838 | D:5      | Bought a potion of heal wounds for 75 gold pieces
  2902 | D:5      | Reached skill level 1 in Armour
  2933 | D:5      | Reached XP level 7. HP: 53/60 MP: 6/6
  2959 | D:5      | Reached skill level 5 in Short Blades
  3686 | D:4      | Found Peemed's General Store.
  3687 | D:4      | Noticed Ijyb
  3692 | D:4      | Killed Ijyb
  3711 | D:4      | Bought a potion of heal wounds for 50 gold pieces
  3882 | D:4      | Killed Edmund
  3882 | D:4      | Reached skill level 5 in Fighting
  3908 | D:4      | Found a snail-covered altar of Cheibriados.
  4123 | D:4      | Killed Crazy Yiuf
  4270 | D:5      | Found an ornate altar of the Wu Jian Council.
  4271 | D:5      | Found a shimmering altar of Xom.
  4353 | D:5      | Reached *** piety under Makhleb
  4477 | D:6      | Found a glowing drain.
  4485 | D:5      | Reached XP level 8. HP: 32/67 MP: 7/7
  4573 | Sewer    | Entered a sewer
  4734 | Sewer    | Found a white marble altar of Elyvilon.
  4977 | D:6      | Reached skill level 5 in Stealth
  5177 | D:6      | Found a staircase to the Ecumenical Temple.
  5217 | Temple   | Entered the Ecumenical Temple
  5585 | D:6      | Found a glowing golden altar of the Shining One.
  6328 | D:7      | Reached skill level 5 in Dodging
  6436 | D:7      | Found a hazy altar of Hepliaklqana.
  6678 | D:7      | Reached XP level 9. HP: 77/77 MP: 8/8
  6877 | D:8      | Slain by an orc warrior

Skill      XL: |  1  2  3  4  5  6  7  8  9 |
---------------+----------------------------+-----
Short Blades   | 3 4 5 6 |  6.3
Dodging        | 3 4 5 |  5.3
Stealth        | 3 4 5 6 |  6.1
Fighting       | 4 5 6 |  6.5
Armour         | 1 2 3 |  3.9

Action                   |  1- 3 |  4- 6 |  7- 9 || total
-------------------------+-------+-------+-------++-------
Melee: Short sword       |   121 |   141 |    23 ||   285
       Dagger            |       |       |   860 ||   860
Evoke: Wand              |       |       |     5 ||     5
  Use: Scroll            |     3 |     6 |     3 ||    12
       Potion            |       |     6 |     7 ||    13
 Stab: Sleeping          |     7 |     3 |     4 ||    14
       Distracted        |       |       |     1 ||     1
  Eat: Chunk             |     5 |     9 |    24 ||    38
Armor: Robe              |    18 |     8 |       ||    26
       Leather armour    |       |    19 |     9 ||    28
       Scale mail        |       |       |   271 ||   271
Dodge: Dodged            |    65 |    80 |   341 ||   486
